 Dungeon Crawl Stone Soup version 0.31-a0-728-g01b46875f1 (webtiles) character file.

Game seed: 18283935418796081427

11589 Newt the Fighter (level 11, -4/76 HPs)
             Began as a Gargoyle Fighter on Sept 11, 2023.
             Was an Elder of Okawaru.
             Constricted to death by Urug (7 damage)
             ... on level 11 of the Dungeon.
             The game lasted 00:13:07 (12345 turns).

Newt the Fighter (Gargoyle Fighter)                Turns: 12345, Time: 00:13:08

Health: -4/76      AC: 25    Str: 24    XL:     11   Next: 80%
Magic:  11/11      EV:  6    Int:  9    God:    Okawaru [****..]
Gold:   506        SH: 14    Dex:  9    Spells: 10/10 levels left

rFire   . . .        I - +3 mace (holy)
rCold   + . .        x - +0 kite shield
rNeg    + . .        i - +7 Kryia's mail coat {PotionHeal*2 rC+}
rPois   ∞            d - +0 hat {SInv}
rElec   +            (no cloak)
rCorr   +            N - +1 pair of gloves
SInv    +            (no boots)
Will    +....        u - amulet of reflection Stlth
                     D - ring of willpower
HPRegen 0.32/turn    t - ring of resist corrosion
MPRegen 0.12/turn

%: reflection
@: grasped by roots, constricted, invisible
A: sickness immunity, AC +8, negative energy resistance 1, electricity
resistance, torment resistance 1, petrification resistance
a: Renounce Religion, Heroism, Finesse


You were on level 11 of the Dungeon.
You worshipped Okawaru.
Okawaru was greatly pleased with you.
You visited 2 branches of the dungeon, and saw 12 of its levels.
You also visited: Sewer.

You collected 506 gold pieces.

Inventory:

Hand Weapons
 a - a +0 flail
 w - a +3 whip of pain
 F - a +2 heavy dire flail
 I - a +3 mace of holy wrath (weapon)
Missiles
 f - 2 javelins
 O - 3 silver javelins
Armour
 b - a +0 scale mail
 c - a +0 buckler
 d - a +0 hat of see invisible (worn)
 i - the +7 Kryia's mail coat (worn) {PotionHeal*2 rC+}
   (You acquired it on level 2 of the Dungeon)

   PotionHeal*2: Potions heal its wearer twice as much.
   rC+:       It protects you from cold.
 x - a +0 kite shield (worn)
 z - a +0 helmet
 N - a +1 pair of gloves (worn)
Jewellery
 g - an amulet of guardian spirit
 p - a ring of see invisible
 s - a ring of ice
 t - a ring of resist corrosion (right hand)
 u - an amulet of reflection (around neck)
 y - a ring of positive energy
 D - a ring of willpower (left hand)
Wands
 A - a wand of flame (26)
 M - a wand of polymorph (3)
Scrolls
 j - a scroll of immolation
 q - a scroll of poison
 v - a scroll of enchant weapon
 E - 2 scrolls of vulnerability
 H - a scroll of brand weapon {unknown}
 J - a scroll of fear {unknown}
 L - a scroll of noise {unknown}
 P - a scroll of amnesia
Potions
 e - a potion of curing
 h - a potion of enlightenment
 k - a potion of invisibility
 l - 2 potions of brilliance {unknown}
 m - a potion of haste
 n - a potion of attraction {unknown}
 o - a potion of degeneration {unknown}
 r - a potion of lignification {unknown}
 B - 2 potions of mutation {unknown}
 C - a potion of experience {unknown}
 G - 4 potions of heal wounds {unknown}
 K - a potion of resistance {unknown}


   Skills:
 + Level 11.8 Fighting
 - Level 8.0 Maces & Flails
 - Level 9.0 Armour
 - Level 7.0 Shields
 - Level 10.0 Shapeshifting


You had 10 spell levels left.
You didn't know any spells.
Your spell library contained the following spells:

 Spells                   Type           Power      Damage    Failure   Level
 Kiss of Death            Conj/Necr      0%         2d5       86%         1
 Slow                     Hex            0%         N/A       86%         1
 Sting                    Tmut/Pois      0%         1d3       86%         1
 Blink                    Tloc           0%         N/A       94%         2
 Lesser Beckoning         Tloc           0%         N/A       94%         2
 Momentum Strike          Conj/Tloc      0%         3d8       94%         2
 Poisonous Vapours        Pois/Air       0%         N/A       94%         2
 Confusing Touch          Hex            0%         N/A       99%         3
 Ozocubu's Armour         Ice            0%         N/A       99%         3
 Sigil of Binding         Hex            0%         N/A       99%         3
 Vampiric Draining        Necr           0%         2d6       99%         3
 Dispel Undead            Necr           0%         3d6       100%        4
 Olgreb's Toxic Radiance  Pois           0%         N/A       100%        4
 Metabolic Englaciation   Hex/Ice        0%         N/A       100%        5
 Discord                  Hex            0%         N/A       100%        8
 Ignition                 Fire           0%         3d3       100%        8
 Simulacrum               Ice/Necr       Unusable   N/A       N/A         6

Dungeon Overview and Level Annotations

Branches:
Dungeon (11/15)            Temple (1/1) D:4            Lair (0/5) D:8
  Sewer (visited)
    Orc: D:9-12

Altars:
Ashenzari
Cheibriados
Dithmenos
Elyvilon
Fedhas
Gozag
Hepliaklqana
Kikubaaqudgha
Makhleb
Nemelex Xobeh
Okawaru
Qazlal
Ru
Sif Muna
Trog
Uskayaw
Vehumet
Wu Jian
Xom
Yredelemnul
Zin
The Shining One

Shops:
D:5 :

Annotations:
D:7 Jeremiah
D:11 Urug


Innate Abilities, Weirdness & Mutations

You are immune to sickness and miasma.
Your stone body is resilient. (AC +8)
You are immune to poison.
You resist negative energy. (rN+)
You are resistant to electric shocks. (rElec)
You are resistant to unholy torment.
You are immune to petrification.


Message History

The grasping roots constrict you!
You closely miss Urug.
Urug is moderately wounded.
You block Urug's attack. The grasping roots constrict you.
The grasping roots release their grip on you.
You hit Urug.
Urug is heavily wounded.
Urug hits you with a +3 eveningstar of pain!!
Unknown command.
You are too injured to fight recklessly!
You hit Urug but do no damage.
Urug is moderately wounded.
Urug zaps a wand.
The roots erupt in riotous growth!
The grasping roots grab you!
Urug is unaffected.
The grasping roots constrict you.
Unknown command.
Unknown command.
Unknown command.
You fade into invisibility!
Urug hits you with a +3 eveningstar of pain!
* * * LOW HITPOINT WARNING * * *
You writhe in agony.
* * * LOW HITPOINT WARNING * * *
The grasping roots constrict you.
The grasping roots release their grip on you.
Okay, then.
Urug zaps a wand.
The roots erupt in riotous growth!
Urug is unaffected.
The grasping roots grab you! The grasping roots constrict you.
* * * LOW HITPOINT WARNING * * *
Unknown command.
You escape the roots grasp.
Urug throws a javelin.
The javelin barely misses you.
Urug throws a javelin.
The javelin pierces through you!
* * * LOW HITPOINT WARNING * * *
Urug zaps a wand.
The roots erupt in riotous growth!
The grasping roots grab you! The grasping roots constrict you!
You die...
Urug says, "One more harpy dead."

#............#
####÷...........+
#.....#..÷.####.......#
#.....#....# #.......#
#...# #....#####'######
###...###.......##.#
.##.............##.###
.....................#
......O...#...##@....#
....†.....#...##.....#
.#######......##.....# .#
#.......#.....#
.#######.......#.....#
.##......#.....##.o.##
.##......#.....#....#
.##......#.....#....#
.........#..........#######


You could see Urug (unable to see you).

Vanquished Creatures
  Gastronok (D:9)
  A centaur warrior (D:10)
  3 two-headed ogres
  An elephant (D:8)
  A gargoyle (D:11)
  An unseen horror (D:10)
  5 yaktaurs (D:10)
  A troll (D:10)
  A hornet (D:8)
  A shadow (D:11)
  5 yaks (D:11)
  Eustachio (D:4)
  2 wyverns
  A wraith (D:9)
  2 basilisks (D:8)
  A water moccasin (D:7)
  Duvessa (D:6)
  2 black bears (D:7)
  Pargi (Sewer)
  An ice beast (D:4)
  3 orc warriors
  2 ogres (D:6)
  A sky beast (D:7)
  5 centaurs
  A kobold brigand (D:9)
  A bullfrog (D:7)
  2 gnoll sergeants
  5 scorpions
  5 wights (D:10)
  Dowan (D:6)
  17 killer bees
  6 orc priests
  2 hounds
  6 orc wizards
  3 sleepcaps
  4 iguanas
  8 gnolls
  4 river rats (D:4)
  11 adders
  A shadow imp (D:6)
  A white imp (D:5)
  An ufetubus (D:5)
  2 dart slugs
  2 worms
  20 orcs
  5 ball pythons
  8 endoplasms
  A giant cockroach (D:4)
  5 goblins
  9 hobgoblins
  6 jackals
  18 kobolds
  4 quokkas
  12 bats
  7 rats
222 creatures vanquished.

Notes
Turn   | Place    | Note
-------+----------+-------------------------------------------
     0 | D:1      | Newt the Gargoyle Fighter began the quest for the Orb.
     0 | D:1      | Reached XP level 1. HP: 14/14 MP: 1/1
   111 | D:1      | Reached XP level 2. HP: 17/20 MP: 2/2
   144 | D:1      | Reached skill level 4 in Fighting
   464 | D:1      | Reached XP level 3. HP: 21/24 MP: 3/3
   633 | D:2      | Identified a scroll of acquirement
   633 | D:2      | Acquired the +7 Kryia's mail coat {PotionHeal*2 rC+}
   633 | D:2      | Found the +7 Kryia's mail coat {PotionHeal*2 rC+}
  1007 | D:2      | Found a faded altar of an unknown god.
  1089 | D:2      | Reached skill level 5 in Fighting
  1322 | D:2      | Reached XP level 4. HP: 31/31 MP: 4/4
  1902 | D:3      | You fall into a shaft and drop 3 floors!
  1973 | D:5      | Entered Level 5 of the Dungeon
  1973 | D:5      | Noticed a scorpion
  1984 | D:5      | Killed a scorpion
  1985 | D:5      | Reached XP level 5. HP: 26/35 MP: 3/5
  2124 | D:5      | Reached skill level 5 in Maces & Flails
  2124 | D:5      | Reached XP level 6. HP: 40/40 MP: 4/6
  2480 | D:5      | Reached skill level 5 in Armour
  2592 | D:5      | Found Haugebbo's Book Shop.
  2825 | D:6      | Reached XP level 7. HP: 26/44 MP: 4/7
  3101 | D:6      | Noticed Dowan
  3102 | D:6      | Noticed Duvessa
  3127 | D:6      | Killed Duvessa
  3146 | D:6      | Killed Dowan
  3433 | D:7      | Noticed Jeremiah
  3447 | D:7      | Reached XP level 8. HP: 45/49 MP: 8/8
  3922 | D:7      | Found a shimmering blue altar of Sif Muna.
  3980 | D:7      | Reached skill level 6 in Fighting
  4267 | D:7      | Reached skill level 7 in Fighting
  4392 | D:8      | Found a shadowy altar of Dithmenos.
  4496 | D:8      | Noticed a wyvern
  4497 | D:8      | Found a staircase to the Lair.
  4497 | D:8      | Noticed an elephant
  4516 | D:8      | Killed a wyvern
  4517 | D:8      | Reached skill level 8 in Fighting
  4526 | D:8      | Killed an elephant
  4527 | D:8      | Reached skill level 9 in Fighting
  4527 | D:8      | Reached XP level 9. HP: 40/60 MP: 9/9
  4543 | D:8      | Reached skill level 5 in Shields
  4830 | D:8      | Noticed a hornet
  4850 | D:8      | Killed a hornet
  5033 | D:8      | Found a white marble altar of Elyvilon.
  5462 | D:8      | Found a snail-covered altar of Cheibriados.
  6356 | D:4      | Found a staircase to the Ecumenical Temple.
  6374 | Temple   | Entered the Ecumenical Temple
  6381 | Temple   | Became a worshipper of Warmaster Okawaru
  6651 | D:4      | Reached XP level 10. HP: 57/66 MP: 10/10
  6699 | D:4      | Noticed Eustachio
  6745 | D:4      | Killed Eustachio
  6773 | D:4      | Found a glowing drain.
  6777 | Sewer    | Entered a sewer
  6823 | Sewer    | Noticed Pargi
  6832 | Sewer    | Killed Pargi
  7872 | D:9      | Acquired a manual of Shapeshifting
  8062 | D:9      | Reached skill level 1 in Shapeshifting
  8172 | D:9      | Reached * piety under Okawaru
  8259 | D:9      | Noticed a centaur warrior
  8279 | D:10     | Entered Level 10 of the Dungeon
  8851 | D:10     | Killed a centaur warrior
  9249 | D:10     | Noticed a two-headed ogre
  9260 | D:10     | Killed a two-headed ogre
  9260 | D:10     | Reached ** piety under Okawaru
 10137 | D:9      | Noticed Gastronok
 10163 | D:9      | Killed Gastronok
 10163 | D:9      | Reached *** piety under Okawaru
 10164 | D:9      | Reached XP level 11. HP: 24/71 MP: 11/11
 10836 | D:10     | Reached skill level 10 in Shapeshifting
 10841 | D:10     | Reached **** piety under Okawaru
 11337 | D:10     | Received a gift from Okawaru
 11567 | D:11     | Noticed a two-headed ogre
 11582 | D:11     | Killed a two-headed ogre
 11583 | D:11     | Reached skill level 10 in Fighting
 12002 | D:11     | Reached skill level 11 in Fighting
 12062 | D:11     | Noticed a two-headed ogre
 12181 | D:11     | Killed a two-headed ogre
 12322 | D:11     | Noticed Urug
 12341 | D:11     | HP: 2/76 [Urug/javelin (9)]
 12345 | D:11     | Constricted to death by Urug

Illustrated notes

Levels and vault maps discovered:
D:1:      heliophobic_arrival_henge, layout_loops_ring, minmay_domino_2
D:2:      layout_loops_corners, shapermc_ecumenical_altar_totnotflames,
          nicolae_figureground_sparkle
D:3:      layout_loops_corners
D:4:      layout_rooms, minmay_temple_entry_glass, lightli_sewer_entry_pipes,
          uniq_eustachio
D:5:      layout_loops_ring, serial_shops, nicolae_shop_real_fake_doors
D:6:      layout_basic, uniq_duvessa
D:7:      layout_basic, nicolae_sif_muna_little_library, uniq_jeremiah
D:8:      layout_loops_ring, mainiacjoe_overflow_24_doors,
          mainiacjoe_overflow_swirl, david_lair_generic, roderic_batcave,
          grunt_decor_one_mirror, hangedman_decor_diamond_cutter
D:9:      layout_basic, uniq_gastronok
D:10:     layout_basic
D:11:     layout_basic, abandoned_shop, zin_statuary, uniq_urug
Temple:   nicolae_temple_no_exploring_needed

Skill      XL: |  1  2  3  4  5  6  7  8  9 10 11 |
---------------+----------------------------------+-----
Fighting       | 4 5 9 11 | 11.8
Maces & Flails | 4 5 7 8 |  8.0
Armour         | 5 7 9 |  9.0
Shields        | 4 7 |  7.0
Shapeshifting  | 9 10 | 10.0

Action                     |  1- 3 |  4- 6 |  7- 9 | 10-12 || total
---------------------------+-------+-------+-------+-------++-------
  Melee: Flail             |   129 |   127 |   293 |       ||   549
         Whip              |       |       |   161 |   269 ||   430
         Mace              |       |       |       |   314 ||   314
         Unarmed           |       |       |       |     2 ||     2
  Throw: Throwing net      |       |       |       |     3 ||     3
 Invoke: Heroism           |       |       |       |     3 ||     3
    Use: Scroll            |     1 |     5 |     5 |     4 ||    15
         Potion            |       |     1 |     2 |     6 ||     9
   Stab: Invisible         |       |       |     3 |       ||     3
         Held in net/web   |       |       |       |     2 ||     2
 Armour: Scale mail        |    98 |    93 |   280 |   367 ||   838
  Dodge: Dodged            |    94 |    67 |   151 |   203 ||   515
  Block: Buckler           |    26 |    24 |    93 |       ||   143
         Kite shield       |       |       |   108 |   503 ||   611
         Reflection        |       |       |     1 |    23 ||    24

Table legend: (Time is in decaauts)
 A = Elapsed time spent in this place.
 B = Non-inter-level travel time spent in this place.
 C = Inter-level travel time spent in this place.
 D = Time resting spent in this place.
 E = Time spent auto-exploring this place.
 F = Levels seen in this place.
 G = Mean time per level.
                   A        B        C        D        E       F      G
               +--------+--------+--------+--------+--------+-----+--------+
         Total |  12422 |  11662 |    760 |   2901 |   6354 |  13 |  955.5 |
       Dungeon |  12286 |  11540 |    746 |   2901 |   6286 |  11 | 1116.9 |
        Temple |     14 |      1 |     13 |      0 |      0 |   1 |   14.0 |
         Sewer |    121 |    121 |      0 |      0 |     67 |   1 |  121.0 |
               +--------+--------+--------+--------+--------+-----+--------+

Top non-repeatable levels by time:
    D:10: 2073 daAuts
     D:9: 1544 daAuts
     D:6: 1428 daAuts
     D:8: 1220 daAuts
     D:7: 1057 daAuts
     D:2: 1013 daAuts
     D:3: 918 daAuts
    D:11: 849 daAuts
     D:5: 787 daAuts
     D:4: 743 daAuts
     D:1: 648 daAuts
   Sewer: 121 daAuts
  Temple: 14 daAuts
